 Dungeon Crawl Stone Soup version 0.30-a0-571-gdf30a72648 (webtiles) character file.

Game seed: 14203861489504825794

5120 wormed the Covert (level 10, -5/51 (53) HPs)
             Began as a Spriggan Hunter on Dec 30, 2022.
             Was a Priest of Okawaru.
             Killed from afar by an acid dragon (31 damage)
             ... with a splash of acid
             ... on level 8 of the Dungeon.
             The game lasted 00:12:19 (7685 turns).

wormed the Covert (Spriggan Hunter)                 Turns: 7685, Time: 00:12:20

HP:   -5/51 (53)    AC:  3    Str:  7    XL:     10   Next: 32%
MP:   11/11         EV: 26    Int: 11    God:    Okawaru [***...]
Gold: 375           SH:  0    Dex: 23    Spells: 9/9 levels left

rFire   . . .      SeeInvis +    a - +0 shortbow
rCold   . . .      Faith    .    (shield currently unavailable)
rNeg    + . .      Spirit   .    c - +0 robe
rPois   .          Reflect  .    (helmet restricted)
rElec   .          Harm     .    m - +0 cloak
rCorr   .          Rampage  .    (gloves unavailable)
Will    +....                    (boots unavailable)
Stlth   +++++                    g - amulet of regeneration
HPRegen 1.08/turn                x - ring of positive energy
MPRegen 0.12/turn                (no ring)

@: lightly drained, very quick
A: very small, no large weapons, unfitting armour, see invisible, speed 3
a: Renounce Religion, Heroism


You were on level 8 of the Dungeon.
You worshipped Okawaru.
Okawaru was most pleased with you.
You visited 1 branch of the dungeon, and saw 8 of its levels.

You collected 375 gold pieces.

Inventory:

Hand Weapons
 a - a +0 shortbow (weapon)
Armour
 c - a +0 robe (worn)
 m - a +0 cloak (worn)
Jewellery
 g - an amulet of regeneration (around neck)
 n - a ring of flight
 x - a ring of positive energy (left hand)
 B - a +6 ring of intelligence
Wands
 s - a wand of polymorph (9)
 y - a wand of flame (4)
Scrolls
 b - a scroll of immolation
 d - 5 scrolls of fog {unknown}
 e - 6 scrolls of blinking {unknown}
 f - 3 scrolls of fear {unknown}
 h - 5 scrolls of teleportation {unknown}
 l - 2 scrolls of enchant weapon {unknown}
 q - 2 scrolls of enchant armour {unknown}
 r - 2 scrolls of butterflies {unknown}
 v - 2 scrolls of magic mapping {unknown}
 w - a scroll of brand weapon {unknown}
 z - a scroll of poison {unknown}
 E - a scroll of amnesia {unknown}
 I - a scroll of vulnerability {unknown}
 J - a scroll of noise {unknown}
Potions
 k - 3 potions of invisibility
 o - 2 potions of curing
 p - 2 potions of berserk rage
 t - 4 potions of attraction
 u - 2 potions of degeneration
 A - 2 potions of lignification
 C - 2 potions of brilliance {unknown}
 F - 3 potions of mutation {unknown}
 G - a potion of ambrosia {unknown}
 H - 2 potions of flight {unknown}


   Skills:
 + Level 6.0 Fighting
 * Level 10.6 Ranged Weapons
 + Level 9.3 Dodging
 + Level 10.6 Stealth


You had 9 spell levels left.
You didn't know any spells.
Your spell library was empty.

Dungeon Overview and Level Annotations

Branches:
Dungeon (8/15)             Temple (0/1) D:6
   Lair: D:8-11

Altars:
Cheibriados
Dithmenos
Elyvilon
Gozag
Nemelex Xobeh
Okawaru
Ru
Uskayaw
Vehumet


Innate Abilities, Weirdness & Mutations

You are very small and have problems with some larger weapons.
You are too small for most types of armour.
You have supernaturally acute eyesight. (SInv)
You cover ground extremely quickly. (Speed+++)


Message History

The arrow barely misses the acid dragon.
The acid dragon spits acid at you. The splash of acid hits you!!
Fire: a) +0 shortbow
Press: ? - help, Q - select action, (/) - cycle Shift-Dir - straight line, f/p - acid dragon
Aim: an acid dragon (severely wounded, catching its breath, 71% to hit)
You shoot an arrow.
The arrow hits the acid dragon but does no damage.
The acid dragon is severely wounded.
Fire: a) +0 shortbow
Press: ? - help, Q - select action, (/) - cycle Shift-Dir - straight line, f/p - acid dragon
Aim: an acid dragon (severely wounded, catching its breath, 71% to hit)
You shoot an arrow. The arrow hits the acid dragon.
The acid dragon is almost dead.
Fire: a) +0 shortbow
Press: ? - help, Q - select action, (/) - cycle Shift-Dir - straight line, f/p - acid dragon
Aim: an acid dragon (almost dead, catching its breath, 71% to hit)
You shoot an arrow.
The arrow barely misses the acid dragon.
Fire: a) +0 shortbow
Press: ? - help, Q - select action, (/) - cycle Shift-Dir - straight line, f/p - acid dragon
Aim: an acid dragon (almost dead, 71% to hit)
You shoot an arrow.
The arrow hits the acid dragon but does no damage.
The acid dragon is almost dead.
Fire: a) +0 shortbow
Press: ? - help, Q - select action, (/) - cycle Shift-Dir - straight line, f/p - acid dragon
Aim: an acid dragon (almost dead, 71% to hit)
You shoot an arrow.
The arrow barely misses the acid dragon.
Fire: a) +0 shortbow
Press: ? - help, Q - select action, (/) - cycle Shift-Dir - straight line, f/p - acid dragon
Aim: an acid dragon (almost dead, 71% to hit)
You shoot an arrow. The arrow hits the acid dragon.
The acid dragon is almost dead.
You are no longer corroded.
The acid dragon spits acid at you. The splash of acid hits you!!
Ouch! That really hurt!
You die...

#.###.#........#. ....
#.....#........#. ...# ##
..###..........#. #^.##.#
#.###........#...##..#..###
#............#..#.........#
.............##.........#
...........#..##....##.##
..........##..#..#...#..###
...........#....@#........#
..........................#
.......................÷.##
........#....D...........#
#.....................#..#
.>###..####....)..))..#<##
... #..#.##...†####)..#..#
... #...........# ###....##
#..##...#......#####.....#


You could see an acid dragon (catching breath).

Vanquished Creatures
  2 two-headed ogres (D:7)
  Sigmund (D:3)
  3 yaks
  Menkaure (D:6)
  Edmund (D:5)
  Duvessa (D:6)
  4 ice beasts
  A sky beast (D:6)
  A black bear (D:6)
  3 ogres
  2 necrophages
  5 scorpions
  Dowan (D:6)
  5 wights
  10 killer bees
  The ghost of DSscumlord the Chopper, a weakling DsGl of Hepliaklqana (D:3)
  6 howler monkeys
  4 jellies
  A gnoll bouda (D:7)
  2 hounds
  2 orc priests (D:3)
  3 iguanas
  6 orc wizards
  Robin (D:2)
  7 gnolls
  6 adders
  A white imp (D:5)
  An ufetubus (D:5)
  4 worms
  2 dart slugs
  34 orcs
  4 endoplasms
  4 giant cockroaches
  24 goblins
  5 hobgoblins
  7 jackals
  A quokka (D:2)
  8 ball pythons
  7 bats
  4 frilled lizards
  6 kobolds
  5 rats
197 creatures vanquished.

Notes
Turn   | Place    | Note
-------+----------+-------------------------------------------
     0 | D:1      | wormed the Spriggan Hunter began the quest for the Orb.
     0 | D:1      | Reached XP level 1. HP: 10/10 MP: 2/2
   115 | D:1      | Reached XP level 2. HP: 15/15 MP: 3/3
   539 | D:1      | Reached XP level 3. HP: 18/18 MP: 4/4
   712 | D:2      | Noticed Robin
   757 | D:2      | Found a hide-covered altar of Uskayaw.
   875 | D:2      | Killed Robin
   955 | D:2      | Reached XP level 4. HP: 23/23 MP: 5/5
  1598 | D:3      | Reached skill level 5 in Ranged Weapons
  1602 | D:3      | Found a runed translucent door.
  1613 | D:3      | Noticed DSscumlord's ghost (weakling DsGl)
  1632 | D:3      | Reached XP level 5. HP: 27/27 MP: 6/6
  2001 | D:3      | Noticed Sigmund
  2024 | D:3      | Killed Sigmund
  2025 | D:3      | Reached XP level 6. HP: 28/32 MP: 7/7
  2176 | D:3      | Killed DSscumlord's ghost
  2177 | D:3      | Reached skill level 5 in Stealth
  2244 | D:3      | Reached skill level 5 in Dodging
  2295 | D:3      | Reached XP level 7. HP: 21/36 MP: 8/8
  2565 | D:4      | Found a sacrificial altar of Ru.
  2675 | D:4      | Identified the +1 leather armour of the Valley of Death
                  | {rElec rC- rN+ Str+3}
  2877 | D:4      | Reached XP level 8. HP: 42/42 MP: 9/9
  2897 | D:4      | Found a white marble altar of Elyvilon.
  2999 | D:5      | Entered Level 5 of the Dungeon
  3059 | D:5      | Noticed Edmund
  3118 | D:5      | Killed Edmund
  3429 | D:5      | Found a sparkling altar of Nemelex Xobeh.
  3516 | D:5      | Found a shadowy altar of Dithmenos.
  3687 | D:5      | Found an iron altar of Okawaru.
  3790 | D:5      | Became a worshipper of Warmaster Okawaru
  4237 | D:6      | Found an opulent altar of Gozag.
  4328 | D:6      | Noticed Dowan
  4330 | D:6      | Noticed Duvessa
  4330 | D:6      | Noticed Menkaure
  4555 | D:6      | Killed Duvessa
  4555 | D:6      | Reached * piety under Okawaru
  4556 | D:6      | Reached XP level 9. HP: 43/46 MP: 10/10
  4585 | D:6      | Killed Dowan
  4713 | D:6      | Killed Menkaure
  4911 | D:6      | Found a staircase to the Ecumenical Temple.
  5281 | D:7      | Found a radiant altar of Vehumet.
  5333 | D:7      | Found a snail-covered altar of Cheibriados.
  5528 | D:6      | Reached skill level 5 in Fighting
  5696 | D:6      | Reached ** piety under Okawaru
  6746 | D:8      | Noticed a two-headed ogre
  6782 | D:7      | Killed a two-headed ogre
  6838 | D:7      | Reached skill level 10 in Ranged Weapons
  6841 | D:7      | Reached skill level 10 in Stealth
  6969 | D:8      | Reached XP level 10. HP: 52/52 MP: 11/11
  7193 | D:8      | Noticed a two-headed ogre
  7294 | D:7      | Killed a two-headed ogre
  7294 | D:7      | Reached *** piety under Okawaru
  7685 | D:8      | Killed from afar by an acid dragon

Illustrated notes

Levels and vault maps discovered:
D:1:      psy_arrival_whirlpool, layout_basic, minmay_tall_x
D:2:      layout_loops_ring, basic_altar, hex_medium, minmay_bisected,
          uniq_robin
D:3:      layout_rooms, ebering_ghost_sewer_d, uniq_sigmund
D:4:      layout_cave_pools, marbit_many_paths, lemuel_crystal_altar,
          minivault_1, chequers_serial_rivers_marsh, minmay_misc_feat_five,
          minmay_ruptured
D:5:      layout_basic, nemelex_diamond_rough_becter,
          mainiacjoe_overflow_chevrons, overflow_temple_1_default, uniq_edmund
D:6:      layout_gridville, nicolae_gozag_cash_rules_everything_around_me,
          temple_doors_cd, uniq_duvessa, uniq_menkaure
D:7:      layout_gridville, lemuel_crystal_altar, mainiacjoe_overflow_24_doors
D:8:      layout_cave_pools, grunt_ministairs_5

Skill      XL: |  1  2  3  4  5  6  7  8  9 10 |
---------------+-------------------------------+-----
Stealth        | 2 3 4 5 6 8 10 | 10.6
Dodging        | 3 4 5 6 7 8 9 |  9.3
Fighting       | 2 3 4 5 6 |  6.0
Ranged Weapons | 5 6 7 8 10 | 10.6

Action                   |  1- 3 |  4- 6 |  7- 9 | 10-12 || total
-------------------------+-------+-------+-------+-------++-------
 Fire: Shortbow          |   122 |   171 |   486 |    90 ||   869
Throw: Throwing net      |       |       |     1 |       ||     1
Evoke: Wand              |       |       |     3 |       ||     3
  Use: Scroll            |       |       |     8 |       ||     8
       Potion            |       |       |     3 |       ||     3
Armor: Robe              |     8 |    10 |    15 |       ||    33
Dodge: Dodged            |    60 |    75 |   313 |    28 ||   476

Table legend: (Time is in decaauts)
 A = Elapsed time spent in this place.
 B = Non-inter-level travel time spent in this place.
 C = Inter-level travel time spent in this place.
 D = Time resting spent in this place.
 E = Time spent auto-exploring this place.
 F = Levels seen in this place.
 G = Mean time per level.
                   A        B        C        D        E       F      G
               +--------+--------+--------+--------+--------+-----+--------+
         Total |   5299 |   4713 |    586 |      0 |   2873 |   8 |  662.4 |
       Dungeon |   5299 |   4713 |    586 |      0 |   2873 |   8 |  662.4 |
               +--------+--------+--------+--------+--------+-----+--------+

Top non-repeatable levels by time:
     D:7: 1224 daAuts
     D:6: 917 daAuts
     D:3: 713 daAuts
     D:5: 704 daAuts
     D:1: 545 daAuts
     D:2: 502 daAuts
     D:4: 381 daAuts
     D:8: 311 daAuts
